 Dungeon Crawl Stone Soup version 0.31-a0-889-g1a8549509d (webtiles) character file.

Game seed: 6395401592033885049

3461 GigaChad the Chopper (level 10, -2/61 HPs) *EXPLORE*
             Began as a Kobold Fighter on Oct 17, 2023.
             Slain by an ice beast (10 damage)
             ... on level 7 of the Dungeon.
             The game lasted 00:10:06 (6061 turns).

GigaChad the Chopper (Kobold Fighter)               Turns: 6061, Time: 00:10:07

Health: -2/61      AC: 19    Str: 17    XL:     10   Next: 26%
Magic:  10/10      EV:  9    Int:  9    God:
Gold:   320        SH:  5    Dex: 16    Spells: 9/9 levels left

rFire   . . .        a - +0 war axe (protect)
rCold   . . .        c - +0 buckler
rNeg    . . .        v - +0 plate armour
rPois   +            (no helmet)
rElec   .            (no cloak)
rCorr   .            (no gloves)
SInv    .            (no boots)
Will    .....        (no amulet) Stlth
                     p - ring of poison resistance
HPRegen 0.30/turn    (no ring)
MPRegen 0.12/turn

%: no passive effects
@: under a protective aura
A: small, no large weapons, nightstalker 3
a: no special abilities


You were on level 7 of the Dungeon.
You visited 1 branch of the dungeon, and saw 7 of its levels.

You collected 320 gold pieces.

Inventory:

Hand Weapons
 a - a +0 war axe of protection (weapon)
 s - the +11 long sword of Musm {freeze, MP+9 Str+3}
   (You found it on level 3 of the Dungeon)

   Str+3:     It affects your strength (+3).
   MP+9:      It affects your magic capacity (+9).
Armour
 c - a +0 buckler (worn)
 v - a +0 plate armour (worn)
Jewellery
 f - a ring of protection from cold
 h - a ring of flight
 p - a ring of poison resistance (left hand)
 J - a +6 ring of dexterity
Talismans
 n - a beast talisman
Wands
 r - a wand of iceblast (6)
 t - a wand of digging (5)
 F - a wand of acid (5)
 G - a wand of flame (14)
Scrolls
 b - a scroll of enchant armour
 e - 5 scrolls of teleportation
 j - a scroll of fog
 k - 3 scrolls of identify
 o - a scroll of revelation
 u - a scroll of torment {unknown}
 w - a scroll of poison {unknown}
 x - a scroll of noise {unknown}
 y - a scroll of fear {unknown}
 B - a scroll of silence {unknown}
 C - a scroll of brand weapon
 D - a scroll of immolation {unknown}
 I - a scroll of enchant weapon {unknown}
Potions
 d - 4 potions of might
 g - a potion of haste {unknown}
 i - 4 potions of degeneration {unknown}
 l - 2 potions of enlightenment {unknown}
 m - 2 potions of heal wounds {unknown}
 q - a potion of mutation {unknown}
 z - a potion of attraction {unknown}
 A - 2 potions of lignification {unknown}
 E - a potion of ambrosia {unknown}
 H - a potion of magic {unknown}


   Skills:
 * Level 6.4 Fighting
 * Level 7.5 Axes
 * Level 5.4 Armour
 * Level 4.9 Dodging
 * Level 6.1 Stealth
 * Level 4.4 Shields


You had 9 spell levels left.
You didn't know any spells.
Your spell library contained the following spells:

 Spells                   Type           Power      Damage    Failure   Level
 Foxfire                  Conj/Fire      0%         2x1d4     100%        1
 Kiss of Death            Conj/Necr      0%         2d5       100%        1
 Confusing Touch          Hex            0%         N/A       100%        3
 Inner Flame              Hex/Fire       0%         N/A       100%        3
 Dispel Undead            Necr           0%         3d6       100%        4
 Flame Wave               Conj/Fire      0%         2d4       100%        4
 Olgreb's Toxic Radiance  Pois           0%         N/A       100%        4
 Sticky Flame             Conj/Fire      0%         2d3       100%        4
 Plasma Beam              Fire/Air       0%         2x1d10    100%        6
 Starburst                Conj/Fire      0%         6d3       100%        6
 Discord                  Hex            0%         N/A       100%        8
 Ignition                 Fire           0%         3d3       100%        8


Dungeon Overview and Level Annotations

Branches:
Dungeon (7/15)
 Temple: D:4-7

Altars:
Ashenzari
Qazlal
Xom


Innate Abilities, Weirdness & Mutations

You are small and have problems with some larger weapons.
You are completely attuned to the shadows.


Message History

You kill the bullfrog!
You slash the slime creature!
An ice beast comes into view.
The slime creature closely misses you.
You hit the slime creature.
The slime creature is lightly wounded.
You barely miss the bullfrog.
The bullfrog hits you but does no damage. x2
The slime creature hits you!
You slash the slime creature!
The slime creature is moderately wounded.
You barely miss the bullfrog. The bullfrog barely misses you.
The slime creature hits you but does no damage.
The bullfrog hits you but does no damage.
You slash the slime creature!
The slime creature is heavily wounded.
You hit the bullfrog but do no damage.
The bullfrog hits you but does no damage.
The slime creature hits you but does no damage.
You hit the slime creature.
The slime creature is heavily wounded.
You hit the ice beast.
The slime creature hits you but does no damage.
You slash the slime creature!
The slime creature is severely wounded.
You hit the ice beast but do no damage.
The slime creature hits you but does no damage.
The ice beast hits you but does no damage.
You slash the slime creature!
The slime creature is almost dead.
You barely miss the ice beast. You closely miss the bullfrog.
The bullfrog hits you. The slime creature closely misses you.
The ice beast hits you. The ice beast freezes you!
The bullfrog hits you but does no damage.
The slime creature hits you!
* * * LOW HITPOINT WARNING * * *
The ice beast hits you.
* * * LOW HITPOINT WARNING * * *
The ice beast freezes you!
You die...

.####.# ##
#.# # #.#
#.# #.#
#....#.#
###.#
#....#.#
###...#
#.....#.
.##.###
#.FJY..#
.##.# #@#
.##)# #.#
.##)#
#########.#
.##.#
#.........#
.##.#
#.#########
.##.# #.#
.##.# #.#
.##.# #.#
.##.# #.#


You could see a slime creature, an ice beast and a bullfrog.

Vanquished Creatures
  Grinder (D:3)
  Sigmund (D:2)
  A wyvern (D:7)
  An orc warrior (D:7)
  An ice beast (D:5)
  An ogre (D:3)
  A black bear (D:5)
  3 centaurs (D:5)
  2 phantoms
  11 kobold brigands
  2 bullfrogs
  5 scorpions
  4 hounds
  4 jellies
  4 orc priests
  6 iguanas
  A sleepcap (D:5)
  8 orc wizards
  Natasha (thrice) (D:2)
  Robin (D:3)
  4 gnolls (D:4)
  7 adders
  A white imp (D:7)
  The ghost of croobank the Sneak, a weakling DgDe (D:6)
  3 dart slugs
  25 orcs
  2 ball pythons
  5 endoplasms
  A giant cockroach (D:2)
  8 hobgoblins
  4 jackals (D:2)
  8 kobolds
  2 quokkas
  8 bats
  A frilled lizard (D:2)
  16 goblins
  6 rats
163 creatures vanquished.

Vanquished Creatures (others)
  A hobgoblin (D:3)
1 creature vanquished.

Grand Total: 164 creatures vanquished

Notes
Turn   | Place    | Note
-------+----------+-------------------------------------------
     0 | D:1      | GigaChad the Kobold Fighter began the quest for the Orb.
     0 | D:1      | Reached XP level 1. HP: 14/14 MP: 1/1
     0 | D:1      | Entered explore mode.
   183 | D:1      | Reached XP level 2. HP: 14/19 MP: 2/2
   228 | D:1      | You fall into a shaft and drop 1 floor!
   351 | D:2      | Reached skill level 1 in Stealth
   379 | D:2      | Reached XP level 3. HP: 23/23 MP: 3/3
   436 | D:2      | Found a faded altar of an unknown god.
   530 | D:2      | Reached skill level 2 in Axes
   647 | D:2      | Noticed Natasha
   654 | D:2      | Killed Natasha
   655 | D:2      | Reached XP level 4. HP: 11/28 MP: 4/4
   746 | D:2      | Noticed Natasha
   757 | D:2      | Killed Natasha
   990 | D:2      | Noticed Natasha
   993 | D:2      | Killed Natasha
   994 | D:2      | Reached skill level 1 in Dodging
   994 | D:2      | Reached XP level 5. HP: 33/33 MP: 5/5
  1094 | D:2      | Noticed Sigmund
  1104 | D:2      | Slain by Sigmund
                  | ... wielding a +0 scythe
                  | (10 damage)
  1107 | D:2      | Killed Sigmund
  1108 | D:2      | Reached skill level 3 in Axes
  1108 | D:2      | Reached XP level 6. HP: 38/38 MP: 6/6
  1147 | D:3      | Noticed Grinder
  1151 | D:3      | Noticed an ogre
  1159 | D:3      | Slain by Grinder (3 damage)
  1162 | D:3      | Mangled by an ogre
                  | ... wielding a +0 giant club
                  | (28 damage)
  1168 | D:3      | Killed an ogre
  1180 | D:3      | Killed Grinder
  1181 | D:3      | Reached skill level 4 in Axes
  1181 | D:3      | Reached XP level 7. HP: 11/44 MP: 7/7
  1397 | D:3      | Noticed Robin
  1412 | D:3      | Killed Robin
  1860 | D:3      | Identified the +11 long sword of Musm {freeze, MP+9 Str+3}
  2176 | D:4      | Reached XP level 8. HP: 48/48 MP: 8/8
  2241 | D:4      | Found a stormy altar of Qazlal.
  2241 | D:4      | Found a broken altar of Ashenzari.
  3097 | D:5      | Entered Level 5 of the Dungeon
  3182 | D:5      | Reached skill level 5 in Axes
  3240 | D:5      | Reached skill level 5 in Fighting
  3729 | D:5      | Reached XP level 9. HP: 40/54 MP: 9/9
  3746 | D:5      | HP: 2/54 [scorpion (5)]
  3749 | D:5      | Succumbed to a scorpion's poison
  3828 | D:5      | Found a shimmering altar of Xom.
  3937 | D:5      | Reached skill level 6 in Axes
  4164 | D:5      | Reached skill level 5 in Stealth
  4541 | D:6      | Found a runed translucent gate.
  4542 | D:6      | Found a runed translucent gate.
  4543 | D:6      | Found a runed translucent gate.
  4566 | D:6      | Noticed croobank's ghost (weakling DgDe)
  5227 | D:6      | Killed from afar by a kobold brigand (11 damage)
                  | ... with a bolt of acid
  5232 | D:6      | Slain by a kobold brigand
                  | ... wielding a +0 short sword
                  | (8 damage)
  5239 | D:6      | Slain by a kobold brigand
                  | ... wielding a +1 rapier of venom
                  | (7 damage)
  5244 | D:6      | Succumbed to a kobold brigand's poison
  5248 | D:6      | HP: 2/45 [kobold brigand/+1 rapier of venom (4)]
  5249 | D:6      | Succumbed to a kobold brigand's poison
  5262 | D:6      | Killed from afar by a kobold brigand (10 damage)
                  | ... with a bolt of acid
  5265 | D:6      | Reached skill level 5 in Armour
  5278 | D:6      | Killed croobank's ghost
  5286 | D:6      | HP: 2/55 [poisoned by a kobold brigand]
  5288 | D:6      | Succumbed to a kobold brigand's poison
  5294 | D:6      | Slain by a kobold brigand
                  | ... wielding a +0 whip of distortion
                  | (19 damage)
  5301 | D:6      | Reached XP level 10. HP: 35/60 MP: 10/10
  5309 | D:6      | Reached skill level 7 in Axes
  6061 | D:7      | Slain by an ice beast

Illustrated notes

Levels and vault maps discovered:
D:1:      giann_forest_graveyard, layout_loops_ring
D:2:      layout_loops_ring, ebering_ecumenical_altar_rust, uniq_sigmund,
          uniq_natasha
D:3:      layout_rooms, serial_corexii_hall, corexii_hall_statues_i,
          corexii_hall_statues_i, chequers_hall_statues_wall_a,
          chequers_hall_statues_corner_a, chequers_hall_statues_corner_a,
          chequers_hall_statues_y, uniq_robin, uniq_grinder
D:4:      layout_rooms, nicolae_overflow_squiral, kennysheep_boxes
D:5:      layout_loops_cross, xom_teletrap_fun, minmay_increasing_density
D:6:      layout_loops_ring, gammafunk_ghost_nasty_kobolds,
          nicolae_zen_rock_garden
D:7:      layout_loops_ring, minmay_temple_entry_from_below_b,
          minmay_manual_mess

Skill      XL: |  1  2  3  4  5  6  7  8  9 10 |
---------------+-------------------------------+-----
Stealth        | 1 2 3 4 5 6 |  6.1
Axes           | 2 3 4 5 6 7 |  7.5
Dodging        | 1 2 3 4 |  4.9
Fighting       | 4 5 6 |  6.4
Armour         | 3 4 5 |  5.4
Shields        | 3 4 |  4.4

Action                     |  1- 3 |  4- 6 |  7- 9 | 10-12 || total
---------------------------+-------+-------+-------+-------++-------
  Melee: War axe           |    77 |    43 |   485 |    98 ||   703
    Use: Scroll            |       |       |     5 |       ||     5
   Stab: Sleeping          |     1 |     2 |     3 |       ||     6
         Distracted        |       |       |     1 |       ||     1
 Armour: Scale mail        |    57 |    37 |   100 |       ||   194
         Plate armour      |       |       |   449 |    97 ||   546
         Chain mail        |       |       |    20 |       ||    20
  Dodge: Dodged            |    43 |    21 |   261 |    35 ||   360
  Block: Buckler           |    17 |     8 |   144 |    16 ||   185

Table legend: (Time is in decaauts)
 A = Elapsed time spent in this place.
 B = Non-inter-level travel time spent in this place.
 C = Inter-level travel time spent in this place.
 D = Time resting spent in this place.
 E = Time spent auto-exploring this place.
 F = Levels seen in this place.
 G = Mean time per level.
                   A        B        C        D        E       F      G
               +--------+--------+--------+--------+--------+-----+--------+
         Total |   6257 |   6158 |     99 |      0 |   4746 |   7 |  893.9 |
       Dungeon |   6257 |   6158 |     99 |      0 |   4746 |   7 |  893.9 |
               +--------+--------+--------+--------+--------+-----+--------+

Top non-repeatable levels by time:
     D:6: 1257 daAuts
     D:5: 1162 daAuts
     D:3: 1008 daAuts
     D:4: 997 daAuts
     D:2: 955 daAuts
     D:7: 641 daAuts
     D:1: 235 daAuts
